 Dungeon Crawl Stone Soup version 0.24.1 (webtiles) character file.

Game seed: 13173318244942987021, levelgen mode: deterministic

65 Destapler the Stinger (level 3, -16/28 HPs)
             Began as a Demonspawn Venom Mage on Mar 31, 2020.
             Was an Initiate of Vehumet.
             Engulfed by a cloud of flame (22 damage)
             ... on level 2 of the Dungeon.
             The game lasted 00:10:22 (1866 turns).

Destapler the Stinger (Demonspawn Venom Mage)       Turns: 1866, Time: 00:10:23

Health: -16/28     AC:  4    Str:  8    XL:     3   Next: 92%
Magic:  5/6        EV: 12    Int: 17    God:    Vehumet [......]
Gold:   94         SH:  0    Dex: 13    Spells: 5/6 levels left

rFire    . . .     SeeInvis .   k - +0 dagger
rCold    . . .     Gourm    .   (no shield)
rNeg     . . .     Faith    .   a - +0 robe
rPois    .         Spirit   .   e - +0 helmet
rElec    .         Reflect  .   (no cloak)
rCorr    .         Harm     .   (no gloves)
MR       .....                  i - +0 pair of boots
Stlth    ++........             (no amulet)
HPRegen  0.09/turn              (no ring)
MPRegen  0.10/turn              (no ring)

@: no status effects
A: claws 1
a: Renounce Religion


You were on level 2 of the Dungeon.
You worshipped Vehumet.
Vehumet was noncommittal.
You were not hungry.

You visited 1 branch of the dungeon, and saw 2 of its levels.

You collected 94 gold pieces.

Inventory:

Hand Weapons
 k - a +0 dagger (weapon)
Armour
 a - a +0 robe (worn)
 e - a +0 helmet (worn)
 i - a +0 pair of boots (worn)
Scrolls
 d - 2 scrolls of identify {unknown}
 f - a scroll of teleportation {unknown}
 l - a scroll of enchant armour {unknown}
Potions
 g - 2 potions of invisibility {unknown}
 h - 3 potions of lignification {unknown}
 j - a potion of heal wounds {unknown}
Comestibles
 b - 4 chunks of flesh
 c - a ration


   Skills:
 - Level 2.4 Fighting
 - Level 1.7 Dodging
 - Level 1.7 Stealth
 + Level 2.3 Spellcasting
 - Level 1.0 Conjurations
 + Level 3.7 Poison Magic


You had 5 spell levels left.
You knew the following spells:

 Your Spells              Type           Power        Failure   Level  Hunger
a - Sting                 Conj/Pois      ##..         7%          1    #......

Your spell library contained the following spells:

 Spells                   Type           Power        Failure   Level  Hunger
 Poisonous Vapours        Pois/Air       #.....       13%         2    ###....
 Mephitic Cloud           Conj/Pois/Air  #.......     28%         3    ###....
 Olgreb's Toxic Radiance  Pois           ##......     36%         4    #####..
 Venom Bolt               Conj/Pois      ##........   89%         5    ######.


Dungeon Overview and Level Annotations

Branches:
Dungeon (2/15)

Altars:
Kikubaaqudgha
Vehumet


Innate Abilities, Weirdness & Mutations

You have sharp fingernails.


Message History

You see here a rat corpse.
You butcher the rat corpse.
b - 4 chunks of flesh (gained 1)
You see here a rat skeleton.
Found 7 stones.
Found a whip.
You open the door.
Found a radiant altar of Vehumet.
Found a ring mail.
There is an open door here.
Really walk into a travel-excluded area?
You are engulfed in blazing flames.
Ouch! That really hurt!
* * * LOW HITPOINT WARNING * * *
There is a radiant altar of Vehumet here.
You kneel at the altar of Vehumet.
Vehumet welcomes you!
You are engulfed in blazing flames.
Ouch! That really hurt!
You die...

#.# #.# #.# #.# ###.#
##'## #...# ##...##
#.### ##.....### #.#.##
##........##
.....####.$.....☼..###..
........'......☼.§......
.#...####.....☼.@%.###
..#.## ##.....°.°§#
.#### ##.....○..# .#
##.....### .# ##'#### .#
... .# .#. .# #.#. .#


There were no monsters in sight!

Vanquished Creatures
  An adder (D:2)
  An ooze (D:2)
  A dart slug (D:1)
  3 leopard geckos
  2 ball pythons (D:2)
  9 bats
  2 giant cockroaches (D:1)
  6 goblins
  5 hobgoblins
  3 jackals (D:1)
  A quokka (D:2)
  2 frilled lizards (D:1)
  2 kobolds (D:1)
  5 rats
43 creatures vanquished.

Vanquished Creatures (others)
  A hobgoblin (D:2)
1 creature vanquished.

Grand Total: 44 creatures vanquished

Notes
Turn   | Place    | Note
-------+----------+-------------------------------------------
     0 | D:1      | Destapler the Demonspawn Venom Mage began the quest for the
                  | Orb.
     0 | D:1      | Reached XP level 1. HP: 13/13 MP: 3/3
   226 | D:1      | Reached skill level 1 in Fighting
   273 | D:1      | Gained mutation: You have sharp fingernails. [demonic
                  | ancestry]
   273 | D:1      | Reached XP level 2. HP: 5/21 MP: 3/5
  1097 | D:1      | Reached XP level 3. HP: 26/27 MP: 6/6
  1334 | D:2      | Found an ancient bone altar of Kikubaaqudgha.
  1857 | D:2      | Found a radiant altar of Vehumet.
  1866 | D:2      | Became a worshipper of Vehumet
  1866 | D:2      | Engulfed by a cloud of flame

Levels and vault maps discovered:
D:1:      wheals_arrival_linesprint, layout_basic, serial_park_tiny_2
D:2:      layout_loops_corners, kiku_gazebo_pond_becter, fiery_altar_vehumet

Skill      XL: |  1  2 |
---------------+-------+-----
Fighting       | 1 2 |  2.4
Dodging        | |  1.7
Stealth        | |  1.7
Spellcasting   | |  2.3
Conjurations   | |  1.0
Poison Magic   | |  3.7

Action                   || total
-------------------------++-------
Melee: Unarmed           ||   108
       Dagger            ||    19
 Cast: Sting             ||    64
 Stab: Sleeping          ||     2
  Eat: Chunk             ||     4
Armor: Robe              ||    67
Dodge: Dodged            ||   128
